 Dungeon Crawl Stone Soup version 0.27-a0-1202-ge72e49191c (webtiles) character file.

Game seed: 17136623522617090826

180 Gwenloh the Chiller (level 5, -4/40 HPs)
             Began as a Barachi Ice Elementalist on June 3, 2021.
             Slain by an ogre
             ... wielding a +0 giant club
              (20 damage)
             ... on level 4 of the Dungeon.
             The game lasted 00:12:57 (3878 turns).

Gwenloh the Chiller (Barachi Ice Elementalist)      Turns: 3878, Time: 00:12:58

Health: -4/40      AC:  2    Str:  9    XL:     5   Next: 60%
Magic:  6/10       EV: 12    Int: 17    God:
Gold:   214        SH:  0    Dex: 12    Spells: 6/10 levels left

rFire    . . .     SeeInvis .   a - +0 dagger (venom)
rCold    . . .     Faith    .   (no shield)
rNeg     . . .     Spirit   .   j - +0 robe
rPois    .         Reflect  .   (no helmet)
rElec    .         Harm     .   (no cloak)
rCorr    .         Rampage  .   (no gloves)
Will     .....                  (no boots)
Stlth    ++........             (no amulet)
HPRegen  0.13/turn              (no ring)
MPRegen  0.12/turn              (no ring)

@: freezing walls, slow
A: amphibious, slowness 1, strong legs 1, +LOS
a: Hop


You were on level 4 of the Dungeon.
You visited 1 branch of the dungeon, and saw 4 of its levels.

You collected 214 gold pieces.

Inventory:

Hand Weapons
 a - a +0 dagger of venom (weapon)
 b - a +0 hunting sling
Missiles
 e - 89 stones
 i - 16 sling bullets
Armour
 j - a +0 robe (worn)
 r - +0 fire dragon scales
Jewellery
 g - a +6 ring of strength
Wands
 k - a wand of iceblast (9)
Scrolls
 c - a scroll of summoning {unknown}
 h - a scroll of enchant armour {unknown}
 o - a scroll of magic mapping {unknown}
 p - a scroll of silence {unknown}
Potions
 d - a potion of magic {unknown}
 f - 2 potions of curing {unknown}
 l - a potion of heal wounds {unknown}
 m - a potion of degeneration {unknown}
 n - a potion of mutation {unknown}
 q - a potion of attraction {unknown}


   Skills:
 + Level 2.9 Fighting
 - Level 2.1 Dodging
 - Level 1.7 Stealth
 + Level 3.3 Spellcasting
 * Level 6.6 Ice Magic


You had 6 spell levels left.
You knew the following spells:

 Your Spells              Type           Power      Damage    Failure   Level
a - Freeze                Ice            100%       1d11      1%          1
b - Frozen Ramparts       Ice            50%        1d7       3%          3

Your spell library contained the following spells:

 Spells                   Type           Power      Damage    Failure   Level
 Ozocubu's Armour         Ice            25%        N/A       3%          3
 Magic Dart               Conj           8%         1d3       17%         1
 Searing Ray              Conj           4%         3d3       26%         2
 Hailstorm                Conj/Ice       14%        3d5       41%         4
 Dazzling Flash           Conj/Hex       4%         N/A       45%         3
 Metabolic Englaciation   Hex/Ice        7%         N/A       77%         5
 Fulminant Prism          Conj/Hex       1%         3d6       86%         4
 Iskenderun's Mystic Bla  Conj/Tloc      2%         2d3       86%         4


Dungeon Overview and Level Annotations

Branches:
Dungeon (4/15)
 Temple: D:4-7

Altars:
Yredelemnul

Annotations:
D:3 1 runed translucent door


Innate Abilities, Weirdness & Mutations

You are amphibious.
You cover ground slowly.
You can hop short distances.
You have an extended range of vision and can be seen from far away.


Message History

The ball python hisses angrily.
You hear a shout!
You shoot a stone. The endoplasm quivers.
The stone hits the ball python.
You kill the ball python!
An ogre comes into view. It is wielding a +0 giant club.
You shoot a stone. The stone hits the ogre.
The ogre is lightly wounded.
You shoot a stone.
The stone hits the worm but does no damage.
Casting: Frozen Ramparts (dangerous; 3% risk of failure)
Confirm with . or Enter, or press ? or * to list all spells.
Casting: Frozen Ramparts (dangerous; 3% risk of failure)
Press: ? - help, Dir - look around, f - activate The walls around you are covered in ice.
You shoot a stone. The stone hits the endoplasm.
The endoplasm is severely wounded.
You shoot a stone.
The stone hits the endoplasm but does no damage.
The endoplasm is severely wounded.
The wall freezes the ogre.
The wall freezes the endoplasm!
You kill the endoplasm!
You see here a stone.
Your +0 dagger of venom begins to drip with poison!
a - a +0 dagger of venom (weapon)
The wall freezes the ogre!
The ogre hits you with a +0 giant club!!
Ouch! That really hurt!
You are too injured to fight recklessly!
Casting: Frozen Ramparts (dangerous; 3% risk of failure)
Confirm with . or Enter, or press ? or * to list all spells.
Aiming: Freeze (safe; 1% risk of failure)
Press: ? - help, Shift-Dir - straight line, f - ogre
Aim: an ogre, wielding a +0 giant club (moderately wounded)
You freeze the ogre.
The ogre is heavily wounded.
The wall freezes the ogre.
The ogre hits you with a +0 giant club!!
Ouch! That really hurt!
You die...

######.....>......
......###.####.#### .
#####<# #......##. ..
#.###.####.#. .# ##...##
#.. (. #######.## #.# .#
.........#####.# .#
###......†.....###w###.#.
#.###..#####..@O.(..... #
#..# #.###....... #...#
#.# #.###. #....# #.# #
#..### #.# #.. ... #..
##. #.. . .


You could see an ogre and a worm.

Vanquished Creatures
  A scorpion (D:4)
  A hound (D:3)
  4 adders
  An adder skeleton (D:4)
  4 dart slugs
  4 ball pythons
  6 bats
  8 endoplasms
  2 hobgoblins
  2 quokkas
  11 frilled lizards
  A goblin (D:2)
  A goblin skeleton (D:3)
  4 kobolds (D:2)
  A rat (D:2)
  3 bushes (D:2)
54 creatures vanquished.

Vanquished Creatures (others)
  2 plants (D:2)
2 creatures vanquished.

Grand Total: 56 creatures vanquished

Notes
Turn   | Place    | Note
-------+----------+-------------------------------------------
     0 | D:1      | Gwenloh the Barachi Ice Elementalist began the quest for
                  | the Orb.
     0 | D:1      | Reached XP level 1. HP: 13/13 MP: 3/3
   345 | D:1      | Reached skill level 5 in Ice Magic
   459 | D:1      | Reached XP level 2. HP: 20/20 MP: 1/5
   532 | D:1      | Reached skill level 1 in Fighting
  1267 | D:2      | Reached XP level 3. HP: 26/26 MP: 2/6
  2670 | D:3      | Reached XP level 4. HP: 33/33 MP: 8/8
  2735 | D:3      | Found a runed translucent door.
  2735 | D:3      | Noticed a human
  3027 | D:3      | Found a basalt altar of Yredelemnul.
  3108 | D:3      | Reached skill level 6 in Ice Magic
  3112 | D:3      | Learned a level 3 spell: Frozen Ramparts
  3759 | D:4      | Noticed a scorpion
  3765 | D:4      | Killed a scorpion
  3766 | D:4      | Reached XP level 5. HP: 34/40 MP: 3/10
  3871 | D:4      | Noticed an ogre
  3878 | D:4      | Slain by an ogre

Illustrated notes

Levels and vault maps discovered:
D:1:      sevenhm_arrival_forest_fort_small_4, layout_basic
D:2:      layout_loops_ring, serial_forest, infiniplex_forest_lined_2,
          infiniplex_forest_clump_long, infiniplex_forest_lined_room_3,
          infiniplex_forest_clump_cross, infiniplex_forest_lined_2,
          infiniplex_forest_end_2, infiniplex_forest_straight_3,
          infiniplex_forest_straight_2
D:3:      layout_basic, dk_yredelemnul_ordeal, moated_statue
D:4:      layout_loops_ring, lemuel_crystal_altar,
          minmay_temple_entry_sparse_star, minmay_misc_feat_enclosed

Skill      XL: |  1  2  3  4 |
---------------+-------------+-----
Ice Magic      | 5 6 |  6.6
Fighting       | 1 2 |  2.9
Spellcasting   | 3 |  3.3
Dodging        | |  2.1
Stealth        | |  1.7

Action                   |  1- 3 |  4- 6 || total
-------------------------+-------+-------++-------
Melee: Dagger            |   139 |    14 ||   153
 Fire: Hunting sling     |    38 |    61 ||    99
 Cast: Freeze            |    32 |    11 ||    43
       Frozen Ramparts   |       |     3 ||     3
 Abil: Hop               |     1 |     1 ||     2
Armor: Robe              |     6 |    11 ||    17
Dodge: Dodged            |    10 |    20 ||    30

Table legend: (Time is in decaauts)
 A = Elapsed time spent in this place.
 B = Non-inter-level travel time spent in this place.
 C = Inter-level travel time spent in this place.
 D = Time resting spent in this place.
 E = Time spent auto-exploring this place.
 F = Levels seen in this place.
 G = Mean time per level.
                   A        B        C        D        E       F      G
               +--------+--------+--------+--------+--------+-----+--------+
         Total |   4378 |   4233 |    145 |      0 |   3606 |   4 | 1094.5 |
       Dungeon |   4378 |   4233 |    145 |      0 |   3606 |   4 | 1094.5 |
               +--------+--------+--------+--------+--------+-----+--------+

Top non-repeatable levels by time:
     D:2: 1748 daAuts
     D:3: 1247 daAuts
     D:1: 1247 daAuts
     D:4: 136 daAuts
